 Dungeon Crawl Stone Soup version 0.29-a0-557-g43b9904bd1 (webtiles) character file.

Game seed: 13532499455144963617

4081 ptdevnull the Artisan of Death (level 10, -2/56 (60) HPs)
             Began as a Tengu Necromancer on June 8, 2022.
             Was a Priest of Kikubaaqudgha.
             Slain by a wight
             ... wielding a +0 scimitar
              (6 damage)
             ... on level 8 of the Dungeon on June 9, 2022.
             The game lasted 00:25:04 (9093 turns).

ptdevnull the Artisan of Death (Tengu Necromancer)  Turns: 9093, Time: 00:25:05

HP:   -2/56 (60)    AC:  5    Str: 13    XL:     10   Next: 25%
MP:   2/18          EV: 22    Int: 19    God:    Kikubaaqudgha [***...]
Gold: 394           SH:  3    Dex: 16    Spells: 6/19 levels left

rFire   + . .      SeeInvis +   m - +2 flail (protect)
rCold   . . .      Faith    .   E - +0 buckler
rNeg    . . .      Spirit   .   p - +1 robe {Will+}
rPois   .          Reflect  .   g - +1 hat
rElec   .          Harm     .   H - +0 cloak
rCorr   .          Rampage  .   (no gloves)
Will    .....                   (boots unavailable)
Stlth   ++........              (no amulet)
HPRegen 0.18/turn               D - ring "Ybih" {rF+ Will- EV+4 Str+5 SInv}
MPRegen 0.16/turn               (no ring)

@: flying quickly and evasively, drained, quick
A: beak, talons 3, nimble flight
a: Renounce Religion, Unearth Wretches


You were on level 8 of the Dungeon.
You worshipped Kikubaaqudgha.
Kikubaaqudgha was most pleased with you.
You visited 1 branch of the dungeon, and saw 9 of its levels.

You collected 394 gold pieces.

Inventory:

Hand Weapons
 b - a +0 falchion
 m - a +2 flail of protection (weapon)
 C - a +1 short sword of electrocution
Missiles
 J - a throwing net
Armour
 a - a +0 robe
 d - a +0 ring mail
 g - a +1 hat (worn)
 p - a +1 robe of willpower (worn)
 x - a +2 leather armour of poison resistance
 y - a +2 robe of cold resistance
 E - a +0 buckler (worn)
 H - a +0 cloak (worn)
Jewellery
 D - the ring "Ybih" (left hand) {rF+ Will- EV+4 Str+5 SInv}
   (You found it on level 6 of the Dungeon)

   [ring of evasion]

   EV:        It affects your evasion (+4).
   Str:       It affects your strength (+5).
   rF:        It protects you from fire.
   SInv:      It lets you see invisible.
   Will:      It decreases your willpower.
Wands
 q - a wand of flame (8)
 t - a wand of acid (6)
 F - a wand of charming (8)
 I - a wand of iceblast (9)
Scrolls
 c - 3 scrolls of teleportation
 i - 2 scrolls of fear {unknown}
 k - 3 scrolls of fog
 s - 4 scrolls of enchant weapon
 u - a scroll of enchant armour {unknown}
 v - a scroll of amnesia {unknown}
 A - a scroll of magic mapping {unknown}
 G - a scroll of immolation {unknown}
Potions
 e - 4 potions of heal wounds
 h - 3 potions of mutation
 j - 2 potions of brilliance
 l - a potion of invisibility {unknown}
 n - 6 potions of curing
 o - a potion of lignification {unknown}
 r - a potion of degeneration {unknown}
 w - a potion of berserk rage {unknown}
 z - a potion of might {unknown}
 B - 2 potions of flight


   Skills:
 + Level 5.8 Fighting
 + Level 8.8 Long Blades
 + Level 6.8 Dodging
 - Level 2.0 Stealth
 - Level 5.0 Spellcasting
 - Level 9.0 Necromancy


You had 6 spell levels left.
You knew the following spells:

 Your Spells              Type           Power      Damage    Failure   Level
a - Necrotize             Necr           100%       1d9       1%          1
b - Vampiric Draining     Necr           38%        2d8       1%          3
c - Animate Dead          Necr           38%        N/A       4%          4
d - Agony                 Necr           38%        N/A       12%         5

Your spell library contained the following spells:

 Spells                   Type           Power      Damage    Failure   Level
 Dispel Undead            Necr           38%        3d16      4%          4
 Magic Dart               Conj           16%        1d3       17%         1
 Call Imp                 Summ           4%         N/A       26%         2
 Ensorcelled Hibernation  Hex/Ice        8%         N/A       26%         2
 Passwall                 Tmut/Erth      3%         N/A       26%         2
 Poisonous Vapours        Pois/Air       8%         N/A       26%         2
 Static Discharge         Conj/Air       4%         N/A       26%         2
 Anguish                  Hex/Necr       10%        N/A       26%         4
 Corpse Rot               Necr/Pois/Air  16%        N/A       43%         4
 Mephitic Cloud           Conj/Pois/Air  4%         N/A       45%         3
 Swiftness                Air            4%         N/A       45%         3
 Death Channel            Necr           19%        N/A       54%         6
 Borgnjor's Vile Clutch   Necr/Erth      10%        N/A       58%         5
 Airstrike                Air            2%         N/A       86%         4
 Summon Lightning Spire   Summ/Air       4%         N/A       86%         4
 Lightning Bolt           Conj/Air       2%         1d13      99%         5
 Simulacrum               Ice/Necr       10%        N/A       99%         6
 Maxwell's Capacitive Co  Air            2%         ∞         100%        8


Dungeon Overview and Level Annotations

Branches:
Dungeon (9/15)             Temple (0/1) D:4
   Lair: D:8-11         Orc: D:9-12

Altars:
Ashenzari
Fedhas
Hepliaklqana
Kikubaaqudgha
Makhleb
Nemelex Xobeh
Sif Muna
Wu Jian
The Shining One


Innate Abilities, Weirdness & Mutations

You have a beak for a mouth.
You have claws for feet.
Your magical nature lets you fly swiftly and evasively.


Message History

You draw life force from the wolf!
You feel life coursing into your body. The wolf closely misses you.
The wight closely misses you.
Unknown command.
You closely miss the wolf.
The wolf is almost dead.
The wolf completely misses you. The wolf barely misses you.
You block the wight's attack. The wolf misses you.
You miss the wolf. Your kick misses the wolf.
The wolf is almost dead.
You block the wolf's attack. The wight misses you. The wolf misses you.
The wight hits you with a +0 scimitar!
* * * LOW HITPOINT WARNING * * *
You barely miss the wolf.
The wolf is almost dead.
The wolf misses you. You block the wolf's attack.
The wight completely misses you. The wolf bites you.
* * * LOW HITPOINT WARNING * * *
You barely miss the wolf. You claw the wolf, but do no damage.
The wolf is almost dead.
The wolf completely misses you. The wight hits you with a +0 scimitar.
* * * LOW HITPOINT WARNING * * *
You feel drained.
* * * LOW HITPOINT WARNING * * *
The wolf bites you but does no damage. The wight misses you.
You completely miss the wolf.
The wolf is almost dead.
The wolf closely misses you. The wolf barely misses you.
The wight hits you with a +3 mace!
* * * LOW HITPOINT WARNING * * *
The wight misses you.
You barely miss the wolf. You peck the wolf, but do no damage.
The wolf is almost dead.
The wolf barely misses you. The wolf completely misses you.
The wight misses you. The wolf completely misses you.
You closely miss the wolf. You claw the wolf.
You kill the wolf!
Kikubaaqudgha accepts your kill. The wight hits you with a +0 scimitar.
You die...
Kikubaaqudgha rasps: "You have failed me!
Welcome... death!"

#.............................
#.............................
#..<..........................
#.............................
#.....................h.......
#........................[....
#................?............
#######........####'#####+####
#.....z@.#...........#
#......)z#...........#
#........#...........#
#......z.#.....##...##
#........#.....##'####..
#........#..........##..
#........#...........#..
#........#.....##....#..
#........#.....##....#..


You could see 3 wights.

Vanquished Creatures
  Joseph (D:7)
  A komodo dragon (D:8)
  Prince Ribbit (D:8)
  A wraith (D:8)
  Grum (D:8)
  A steam dragon (D:4)
  2 water moccasins
  Duvessa (D:4)
  An orc warrior (D:8)
  4 sky beasts
  A black bear (D:4)
  2 ice beasts
  An ogre (D:7)
  A centaur (D:7)
  2 wolves (D:8)
  A phantom (D:5)
  2 kobold brigands
  Blork the orc (D:5)
  4 bullfrogs
  3 scorpions
  Dowan (D:4)
  4 howler monkeys
  6 hounds
  An orc priest (D:5)
  4 jellies
  Terence (D:2)
  An iguana (D:5)
  6 orc wizards
  Robin (D:2)
  7 gnolls
  5 adders
  A shadow imp (D:6)
  A white imp (D:8)
  3 worms
  3 dart slugs
  17 orcs
  5 endoplasms
  4 giant cockroaches
  14 goblins
  2 hobgoblins
  3 jackals (D:5)
  9 kobolds
  5 quokkas
  11 ball pythons
  8 bats
  3 frilled lizards
  2 rats
160 creatures vanquished.

Vanquished Creatures (collateral kills)
  An iguana (D:5)
  A gnoll (D:5)
  A goblin (D:2)
  2 kobolds (D:8)
5 creatures vanquished.

Grand Total: 165 creatures vanquished

Notes
Turn   | Place    | Note
-------+----------+-------------------------------------------
     0 | D:1      | ptdevnull the Tengu Necromancer began the quest for the
                  | Orb.
     0 | D:1      | Reached XP level 1. HP: 10/10 MP: 4/4
   173 | D:1      | Reached XP level 2. HP: 13/15 MP: 1/6
  1084 | D:2      | Reached XP level 3. HP: 19/19 MP: 5/7
  1084 | D:2      | Noticed Robin
  1100 | D:2      | Reached skill level 5 in Necromancy
  1110 | D:2      | Killed Robin
  1362 | D:2      | Found an ancient bone altar of Kikubaaqudgha.
  1368 | D:2      | Noticed Terence
  1375 | D:2      | Killed Terence
  1376 | D:2      | Reached XP level 4. HP: 18/24 MP: 0/9
  1378 | D:2      | Became a worshipper of Kikubaaqudgha
  1587 | D:2      | Learned a level 3 spell: Vampiric Draining
  1592 | D:2      | Learned a level 4 spell: Animate Dead
  1786 | D:2      | Reached skill level 6 in Necromancy
  1965 | D:2      | Gained mutation: Your magical nature lets you fly swiftly
                  | and evasively. [Tengu growth]
  1965 | D:2      | Reached XP level 5. HP: 28/28 MP: 8/10
  2051 | D:2      | Found a faded altar of an unknown god.
  2051 | D:2      | Noticed a Brimstone Fiend
  2452 | D:3      | Reached skill level 1 in Long Blades
  2479 | D:3      | Reached * piety under Kikubaaqudgha
  2479 | D:3      | Received a gift from Kikubaaqudgha
  3062 | D:4      | Found a staircase to the Ecumenical Temple.
  3237 | D:4      | Noticed a black bear
  3390 | D:4      | Reached XP level 6. HP: 19/32 MP: 0/12
  3545 | D:4      | Noticed a steam dragon
  3551 | D:4      | Killed a steam dragon
  3668 | D:4      | Found an ornate altar of the Wu Jian Council.
  3725 | D:4      | Killed a black bear
  3726 | D:4      | Reached XP level 7. HP: 34/36 MP: 8/14
  3788 | D:4      | Noticed Duvessa
  3791 | D:4      | Noticed Dowan
  3844 | D:4      | Killed Duvessa
  3845 | D:4      | Reached skill level 7 in Necromancy
  3938 | D:4      | Killed Dowan
  4284 | D:4      | Found a hazy altar of Hepliaklqana.
  4352 | D:5      | Entered Level 5 of the Dungeon
  4369 | D:5      | Learned a level 5 spell: Agony
  4915 | D:5      | Noticed Blork the orc
  4927 | D:5      | Killed Blork the orc
  4928 | D:5      | Reached skill level 5 in Spellcasting
  4928 | D:5      | Reached XP level 8. HP: 35/41 MP: 11/16
  5003 | D:5      | Found a shimmering blue altar of Sif Muna.
  5183 | D:5      | Reached skill level 5 in Long Blades
  5183 | D:5      | Reached skill level 8 in Necromancy
  5615 | D:5      | Found a broken altar of Ashenzari.
  6092 | D:6      | Reached skill level 9 in Necromancy
  6092 | D:6      | Reached skill level 1 in Fighting
  6303 | D:6      | Reached ** piety under Kikubaaqudgha
  6304 | D:6      | Reached XP level 9. HP: 48/48 MP: 13/17
  6527 | D:6      | Identified the ring "Ybih" {rF+ Will- EV+4 Str+5 SInv}
  6689 | D:6      | Found a burning altar of Makhleb.
  6698 | D:6      | Found a glowing golden altar of the Shining One.
  6931 | D:7      | Found a sparkling altar of Nemelex Xobeh.
  7192 | D:7      | Found a blossoming altar of Fedhas.
  7428 | D:7      | Noticed Joseph
  7704 | D:7      | Killed Joseph
  7705 | D:7      | Reached skill level 5 in Dodging
  8336 | D:8      | Noticed Prince Ribbit
  8380 | D:8      | Reached skill level 5 in Fighting
  8615 | D:9      | Noticed a centaur warrior
  8645 | D:8      | Reached XP level 10. HP: 59/59 MP: 15/18
  8655 | D:8      | Killed Prince Ribbit
  8804 | D:8      | Reached *** piety under Kikubaaqudgha
  8804 | D:8      | Received a gift from Kikubaaqudgha
  9068 | D:8      | Noticed Grum
  9083 | D:8      | Killed Grum
  9093 | D:8      | Slain by a wight

Illustrated notes

Levels and vault maps discovered:
D:1:      dpeg_arrival_arbitrary_a, layout_basic
D:2:      layout_basic, basic_altar, dreamdust_ecumenical_altar_sealed_demon,
          minmay_small_reverse_x, uniq_robin, uniq_terence
D:3:      cheibrodos_old_hovel, layout_loops_ring
D:4:      layout_rooms, mainiacjoe_overflow_alcove_4, kennysheep_mini,
          minmay_temple_entry_stoned_glass, uniq_duvessa
D:5:      layout_basic, mainiacjoe_overflow_24_doors, kennysheep_little_box,
          uniq_blork_the_orc
D:6:      layout_basic, mainiacjoe_overflow_swirl
D:7:      layout_basic, overflow_temple_1_default, fedhas_altar_2, uniq_joseph
D:8:      minmay_evil_eye, layout_gridville, uniq_prince_ribbit1, uniq_grum
D:9:      layout_cave_pods, nicolae_kikubaaqudgha_miasma_corner,
          zombieorc2_lemuel, gammafunk_ghost_icy, hex_medium

Skill      XL: |  1  2  3  4  5  6  7  8  9 |
---------------+----------------------------+-----
Necromancy     | 5 6 7 9 |  9.0
Spellcasting   | 3 4 5 |  5.0
Long Blades    | 2 3 4 6 8 |  8.8
Fighting       | 2 5 |  5.8
Dodging        | 3 6 |  6.8
Stealth        | |  2.0

Action                   |  1- 3 |  4- 6 |  7- 9 | 10-12 || total
-------------------------+-------+-------+-------+-------++-------
Melee: Flail             |       |     3 |   166 |    30 ||   199
       Kick              |       |       |    57 |    10 ||    67
       Peck              |       |       |    38 |     7 ||    45
 Cast: Necrotize         |    67 |   105 |   143 |    14 ||   329
       Vampiric Draining |       |       |    14 |    13 ||    27
Evoke: Wand              |       |     3 |     4 |     1 ||     8
  Use: Potion            |     2 |       |       |       ||     2
       Scroll            |       |     1 |     9 |       ||    10
 Stab: Sleeping          |       |       |     1 |       ||     1
Armor: Robe              |     1 |     2 |    31 |     9 ||    43
       Leather armour    |       |       |    58 |       ||    58
Dodge: Dodged            |     1 |    18 |   187 |    70 ||   276
Block: Buckler           |       |       |    10 |    10 ||    20

Table legend: (Time is in decaauts)
 A = Elapsed time spent in this place.
 B = Non-inter-level travel time spent in this place.
 C = Inter-level travel time spent in this place.
 D = Time resting spent in this place.
 E = Time spent auto-exploring this place.
 F = Levels seen in this place.
 G = Mean time per level.
                   A        B        C        D        E       F      G
               +--------+--------+--------+--------+--------+-----+--------+
         Total |   8833 |   8537 |    296 |   2026 |   5119 |   9 |  981.4 |
       Dungeon |   8833 |   8537 |    296 |   2026 |   5119 |   9 |  981.4 |
               +--------+--------+--------+--------+--------+-----+--------+

Top non-repeatable levels by time:
     D:5: 1445 daAuts
     D:7: 1249 daAuts
     D:2: 1244 daAuts
     D:4: 1217 daAuts
     D:6: 1039 daAuts
     D:1: 992 daAuts
     D:8: 860 daAuts
     D:3: 782 daAuts
     D:9: 1 daAuts
